Map: Catallena LE (Void)

Players

Yata - Winner!

  • Race: Zerg Zerg
  • League: Silver
  • Spawn Location: 9:00

A.I. 1 (Harder)

  • Race: Zerg Zerg
  • Spawn Location: 5:00

VOD

Have the link to the VOD?

Description

Time

  • Played on: July 23, 2017, 8:25 p.m.
  • Length: 15:40
Show
View Real Time Build Order
Export as new Build Order

Yata Zerg - Winner!

Build Orders: Hatch First 

Get SALT Encoding   

  12  0:06  Drone  
  13  0:12  Overlord  
  13  0:18  Drone  
  14  0:32  Drone x2  
  16  0:38  Drone  
  17  0:56  Drone  
  18  0:59  Hatchery  
  18  1:02  Drone  
  18  1:12  Extractor  
  18  1:17  Spawning Pool  
  17  1:18  Drone  
  17  1:22  Drone  
  18  1:32  Drone  
  19  1:43  Overlord  
  19  1:59  Drone  
  20  2:05  Queen  
  22  2:14  Queen  
  24  2:16  Zergling x4  
  24  2:19  Metabolic Boost  
  26  2:24  Drone x2  
  26  2:27  Drone  
  29  2:35  Drone  
  29  2:36  Baneling Nest  
  29  2:48  Drone x3  
  32  2:55  Queen  
  34  2:59  Drone  
  34  3:00  Drone  
  36  3:21  Evolution Chamber  
  36  3:22  Lair  
  36  3:26  Hatchery, Drone  
  36  3:27  Drone  
  36  3:31  Overlord  
  36  3:52  Drone  
  36  3:53  Drone x6  
  43  3:57  Extractor  
  43  3:59  Extractor  
  43  4:02  Zerg Melee Weapons Level 1  
  41  4:10  Extractor  
  41  4:11  Drone x3  
  43  4:37  Drone  
  44  4:39  Overlord x3  
  44  4:48  Drone  
  44  4:49  Drone x5  
  50  4:53  Overlord x3  
  50  5:01  Zergling x2  
  50  5:02  Zergling x4, Spire  
  50  5:05  Queen  
  54  5:14  Pneumatized Carapace  
  56  5:16  Zergling x2  
  56  5:17  Zergling x8  
  57  5:31  Baneling x5  
  56  5:36  Spine Crawler  
  52  5:55  Zergling x10  
  52  5:56  Zergling x6  
  54  6:09  Zergling x6  
  45  6:28  Zergling x12  
  48  6:38  Mutalisk  
  48  6:39  Mutalisk  
  52  6:49  Hatchery  
  52  6:50  Zergling x2  
  52  6:51  Zergling x6  
  55  7:00  Hydralisk Den  
  54  7:07  Infestation Pit  
  54  7:08  Mutalisk  
  55  7:18  Drone  
  55  7:19  Drone x8  
  64  7:26  Zerg Melee Weapons Level 2  
  64  7:29  Overlord x2  
  64  7:37  Overseer  
  64  7:40  Mutalisk  
  66  7:47  Zergling x2  
  66  7:48  Zergling x4  
  69  7:53  Hive  
  69  7:55  Zergling x6  
  69  7:56  Zergling x2  
  71  8:14  Mutalisk x2  
  75  8:35  Mutalisk  
  75  8:36  Mutalisk  
  75  8:40  Zergling x28  
  93  8:43  Baneling  
  93  8:44  Baneling x4  
  93  8:53  Unknown  
  74  9:08  Mutalisk  
  74  9:09  Mutalisk x2  
  80  9:22  Drone x4  
  80  9:23  Drone x11  
  95  9:36  Mutalisk  
  95  9:37  Mutalisk x2  
  101  9:47  Zerg Flyer Weapons Level 1  
  101  9:52  Zergling x8  
  105  9:53  Zergling x8  
  109  10:28  Hatchery  
  88  11:12  Ultralisk Cavern  
  87  11:21  Zergling x2  
  87  11:22  Zergling x38  
  87  11:23  Zergling x14  
  114  11:29  Zerg Melee Weapons Level 3  
  114  11:38  Nydus Network  
  113  11:41  Mutalisk  
  113  11:42  Mutalisk x2  
  119  11:50  Overlord x3  
  119  11:51  Overlord x4  
  119  11:52  Overlord x3  
  119  12:08  Queen x2  
  119  12:11  Ultralisk x3  
  119  12:15  Baneling x4  
  141  12:16  Baneling  
  141  12:26  Extractor  
  141  12:27  Extractor  
  133  12:49  Zergling x2  
  133  12:50  Zergling x38  
  153  12:59  Unknown  
  150  13:12  Unknown  
  137  13:16  Unknown  
  137  13:19  Ultralisk, Unknown  
  149  13:20  Ultralisk x2  
  149  13:24  Zergling x2  
  149  13:25  Zergling x20  
  159  13:40  Chitinous Plating  
  159  13:47  Ultralisk  
  163  13:53  Unknown  
  163  14:02  Zergling x20  
  170  14:03  Zergling x2  
  167  14:13  Unknown  
  165  14:21  Unknown  
  164  14:28  Mutalisk  
  164  14:29  Mutalisk x3  
  172  14:35  Unknown  
  171  14:40  Unknown  
  169  14:51  Zergling x2  
  169  14:52  Zergling x22  
  179  15:06  Unknown  
  187  15:27  Unknown  
Show
View Real Time Build Order
Export as new Build Order

A.I. 1 (Harder) Zerg 

Build Orders: Pool First, Lurkers, Muta Ling Bane 

Get SALT Encoding   

  12  0:00  Drone  
  13  0:12  Overlord  
  13  0:17  Drone  
  14  0:31  Drone x2  
  16  0:43  Spawning Pool  
  16  0:44  Drone  
  16  0:48  Drone  
  17  0:51  Extractor  
  17  0:56  Drone  
  17  1:06  Overlord  
  17  1:29  Queen  
  17  1:31  Zergling x2  
  20  1:34  Roach Warren  
  20  1:36  Zergling x2  
  20  1:38  Drone  
  21  1:41  Extractor  
  20  1:49  Drone  
  21  2:00  Drone  
  22  2:14  Roach  
  24  2:21  Roach  
  26  2:32  Overlord  
  26  2:36  Roach  
  28  2:40  Roach  
  30  2:50  Roach, Drone  
  33  2:54  Overlord  
  33  3:05  Drone  
  34  3:08  Roach  
  34  3:12  Roach  
  38  3:16  Overlord  
  38  3:17  Roach  
  40  3:28  Roach  
  42  3:36  Baneling Nest  
  42  3:38  Drone  
  42  3:40  Roach, Drone  
  45  3:41  Drone  
  46  3:50  Drone  
  47  3:57  Evolution Chamber  
  47  4:01  Drone  
  47  4:11  Overlord, Drone  
  47  4:12  Drone  
  47  4:13  Zergling x2  
  49  4:23  Drone  
  50  4:39  Baneling  
  50  4:44  Zergling x2, Lair  
  51  5:07  Overlord  
  51  5:14  Zerg Melee Weapons Level 1, Baneling  
  51  5:18  Hatchery  
  51  5:35  Drone  
  51  5:38  Zergling x2  
  52  5:45  Spire  
  52  5:46  Zergling x2, Drone  
  52  6:06  Burrow  
  52  6:07  Zergling x2  
  52  6:12  Zergling x2  
  53  6:20  Zergling x2, Metabolic Boost  
  48  6:25  Zergling x2  
  48  6:30  Drone  
  48  6:31  Baneling x2  
  37  6:32  Drone  
  37  6:37  Drone  
  38  6:40  Drone  
  38  6:43  Drone  
  38  6:46  Drone  
  41  6:48  Drone  
  41  6:51  Drone  
  41  6:53  Drone  
  44  6:56  Drone  
  44  6:58  Drone  
  44  6:59  Mutalisk  
  48  7:01  Drone  
  48  7:06  Drone  
  50  7:08  Zerg Missile Weapons Level 1  
  50  7:10  Centrifical Hooks  
  50  7:12  Drone  
  51  7:17  Zergling x2  
  51  7:22  Mutalisk, Drone x2  
  56  7:23  Drone  
  56  7:29  Drone  
  58  7:33  Drone  
  58  7:34  Extractor  
  58  7:39  Mutalisk  
  58  7:40  Extractor  
  59  7:44  Drone  
  59  7:48  Spore Crawler  
  59  7:50  Drone  
  60  7:52  Spore Crawler  
  60  7:53  Mutalisk  
  60  7:55  Drone x2, Spore Crawler  
  60  7:56  Drone  
  63  8:01  Mutalisk  
  63  8:02  Spore Crawler  
  64  8:06  Drone  
  64  8:10  Queen  
  67  8:12  Overlord  
  67  8:16  Drone  
  68  8:22  Spine Crawler  
  68  8:23  Mutalisk  
  68  8:25  Drone x2  
  68  8:26  Infestation Pit  
  70  8:27  Drone, Overseer  
  71  8:41  Spine Crawler  
  71  8:45  Overlord  
  71  8:47  Hydralisk Den  
  69  8:49  Evolution Chamber  
  65  8:56  Hatchery  
  59  9:05  Hive  
  59  9:17  Roach  
  59  9:19  Lurker Den  
  59  9:22  Hydralisk  
  63  9:28  Hydralisk  
  65  9:34  Zergling x2  
  65  9:35  Overseer  
  66  9:39  Hydralisk  
  68  9:49  Pneumatized Carapace  
  68  9:54  Roach  
  68  9:57  Overseer  
  70  10:00  Ravager  
  70  10:03  Overlord x2, Roach  
  73  10:08  Drone x2, Hydralisk  
  73  10:13  Overseer  
  77  10:14  Hydralisk  
  77  10:20  Hydralisk  
  81  10:21  Drone x2  
  81  10:22  Extractor, Drone x2  
  81  10:23  Drone x4  
  81  10:24  Extractor  
  81  10:25  Drone  
  81  10:27  Drone  
  87  10:29  Drone  
  87  10:31  Infestor, Drone  
  87  10:33  Drone  
  88  10:37  Drone  
  88  10:40  Drone  
  88  10:42  Overlord  
  88  10:47  Drone  
  89  10:50  Drone  
  89  10:52  Lurker  
  89  10:53  Hydralisk, Lurker x4  
  97  10:59  Hydralisk  
  95  11:05  Hydralisk  
  95  11:07  Overlord  
  95  11:10  Hydralisk  
  99  11:16  Hydralisk  
  101  11:22  Zerg Ground Armor Level 1, Lurker  
  101  11:24  Hydralisk  
  104  11:34  Zerg Melee Weapons Level 2  
  104  11:38  Spine Crawler  
  104  11:39  Drone  
  104  11:42  Spine Crawler  
  104  11:43  Drone  
  104  11:44  Spore Crawler  
  104  11:45  Drone  
  104  11:49  Spore Crawler  
  104  11:50  Drone  
  104  11:53  Queen  
  106  11:57  Overlord, Queen  
  108  12:07  Pathogen Glands  
  108  12:13  Hatchery, Drone  
  108  12:14  Spine Crawler, Zerg Flyer Weapons Level 1  
  107  12:16  Drone  
  107  12:19  Spine Crawler, Drone  
  108  12:25  Roach  
  110  12:34  Infestor  
  111  12:38  Overlord, Zergling x2  
  111  12:41  Roach  
  114  12:45  Roach  
  114  12:49  Roach  
  118  12:52  Infestor  
  118  12:57  Overlord, Infestor  
  116  13:06  Roach  
  116  13:09  Roach  
  116  13:12  Hydralisk  
  90  13:16  Infestor  
  90  13:18  Viper  
  97  13:20  Hydralisk  
  97  13:24  Roach  
  97  13:27  Drone  
  101  13:28  Roach, Infestor  
  101  13:31  Roach  
  98  13:35  Roach  
  98  13:36  Extractor  
  98  13:38  Roach  
  98  13:39  Extractor  
  98  13:41  Drone  
  73  13:42  Roach  
  73  13:45  Drone  
  73  13:46  Zergling x2  
  73  13:48  Drone  
  75  13:49  Roach  
  75  13:53  Roach  
  74  13:57  Roach  
  74  14:00  Infestor  
  74  14:01  Drone  
  66  14:03  Drone x3  
  66  14:04  Roach, Drone x2  
  66  14:05  Drone x3  
  66  14:06  Zergling x2, Drone x2  
  66  14:09  Zergling x2  
  55  14:12  Zergling x2, Drone  
  55  14:14  Zergling x2  
  40  14:17  Roach  
  40  14:18  Zergling x2  
  40  14:21  Hatchery  
  36  14:24  Drone  
  36  14:25  Roach  
  36  14:27  Extractor  
  30  14:40  Drone x2  
  30  14:42  Drone  
  30  14:43  Drone  
  23  14:49  Drone  
  19  14:55  Drone x2  
  13  15:07  Drone x3  
  13  15:14  Hatchery  
  14  15:18  Drone  
Tags
 
League
Silver
Matchup
ZvZ
Race
Zerg
Replay Pack
Pack 1
Spawn Locations
Cross Positions
Add a new tag
Caveats
  • Supply blocks, unpowered buildings, or Contaminate may cause inaccurate times.
  • Supply counts are checked every 10 seconds.